 Dungeon Crawl Stone Soup version 0.13-a0-2305-ge00d11d (webtiles) character file.

147 Kae the Cudgeler (level 3, 0/30 HPs)
             Began as a Minotaur Chaos Knight on July 9, 2013.
             Was a Plaything of Xom.
             Slain by a warg (4 damage)
             ... on Level 3 of the Dungeon.
             The game lasted 00:01:38 (1332 turns).

Kae the Cudgeler (Minotaur Chaos Knight)            Turns: 1332, Time: 00:01:39

HP   0/30        AC  8     Str 17      XL: 3   Next: 87%
MP   2/2         EV  8     Int  9      God: Xom
Gold 84          SH  0     Dex  9      Spells:  0 memorised,  2 levels left

Res.Fire  : + + .   See Invis. : .   a - +0 mace (chaos)
Res.Cold  : . . .   Warding    : .   v - +2 scale mail {rF+} (curse)
Life Prot.: . . .   Conserve   : .   (no shield)
Res.Poison: .       Res.Corr.  : .   (helmet restricted)
Res.Elec. : .       Clarity    : .   (no cloak)
Sust.Abil.: . .     Spirit.Shd : .   (no gloves)
Res.Mut.  : .       Stasis     : .   (no boots)
Res.Rott. : .       Flight     : +   (no amulet)
Saprovore : . . .                    j - ring of protection from fire
                                     d - ring of teleport control

@: flying, not resistant to hostile enchantments, extremely unstealthy
A: retaliatory headbutt, horns 2
a: Renounce Religion, Evoke Teleport Control


You were on level 3 of the Dungeon.
You worshipped Xom.
You were a plaything of Xom.
You were not hungry.

You visited 1 branch of the dungeon, and saw 3 of its levels.

You collected 64 gold pieces.

Inventory:

Hand weapons
 a - a +0,+0 mace of chaos (weapon)
Armour
 b - a +2 leather armour
 v - a cursed +2 scale mail of fire resistance (worn)
Comestibles
 c - 2 bread rations
 f - a beef jerky
 l - 2 apples
 o - a rambutan
 s - 2 meat rations
Scrolls
 e - a scroll of teleportation {unknown}
 h - 4 scrolls of remove curse
 m - a scroll of random uselessness {unknown}
 n - a scroll of blinking
Jewellery
 d - a ring of teleport control (left hand)
 j - a ring of protection from fire (right hand)
 u - an uncursed ring of wizardry
 w - an uncursed ring of sustain abilities
Potions
 g - a potion of blood {unknown}
 i - a potion of restore abilities {unknown}
 k - a potion of agility {unknown}
 p - a potion of heal wounds {unknown}
 r - a potion of curing {unknown}
 t - a potion of flight


   Skills:
 - Level 3.6 Fighting
 + Level 5.8 Maces & Flails
 - Level 2.4 Armour
 - Level 1.1 Dodging


You had 2 spell levels left.
You didn't know any spells.

Dungeon Overview and Level Annotations

Branches:
Dungeon (3/27)

Altars:
Nemelex Xobeh


Innate Abilities, Weirdness & Mutations

You reflexively headbutt those who attack you in melee.
You have a pair of horns on your head.


Message History

Xom says: Amen!
There are monsters nearby!
You are too injured to fight recklessly!
You are too injured to fight recklessly!
You are too injured to fight recklessly!
You hit the warg.
The warg flickers and vanishes!
Deactivating autopickup; reactivate with Ctrl-A.
You headbutt it. It bites you but does no damage.
It claws you but does no damage. It bites you.
* * * LOW HITPOINT WARNING * * *
It claws you but does no damage.
Unknown command.
Drink which item? (? for menu, Esc to quit)
You feel very buoyant.
You fly up into the air.
It was a potion of flight.
Xom thinks this is hilarious!
It bites you.
You die...
Xom is highly amused!

################
.....oo)@..)...#
##############.#
#.# #.# #.# #.#
#.# #.# #.#


You could see an orc priest and an orc.

Vanquished Creatures
  An adder (D:2)
  2 giant geckos
  An orc (D:3)
  8 bats
  2 giant cockroaches
  5 goblins
  6 hobgoblins
  8 jackals
  5 kobolds
  A ball python (D:1)
  2 giant newts
  6 rats
47 creatures vanquished.

Notes
Turn   | Place    | Note
--------------------------------------------------------------
     0 | D:1      | Kae, the Minotaur Chaos Knight, began the quest for the Orb.
     0 | D:1      | Reached XP level 1. HP: 17/17 MP: 1/1
    33 | D:1      | XOM: silly message
    34 | D:1      | XOM: harmless Tloc miscast
    38 | D:1      | Reached skill level 4 in Maces & Flails
    44 | D:1      | Reached XP level 2. HP: 19/24 MP: 1/1
   143 | D:1      | XOM: divination: magic mapping
   231 | D:1      | Reached skill level 5 in Maces & Flails
   354 | D:1      | Reached XP level 3. HP: 28/30 MP: 2/2
   428 | D:1      | XOM is BORED!
   428 | D:1      | XOM: harmless Erth miscast
  1246 | D:3      | Found a sparkling altar of Nemelex Xobeh.
  1324 | D:3      | Noticed a warg
  1324 | D:3      | an orc wizard changed into a warg
  1324 | D:3      | XOM: polymorph orc wizard -> warg
  1332 | D:3      | Slain by a warg

Action                   || total
-------------------------++-------
Melee: Mace              ||   105
  Use: Scroll            ||     5
       Potion            ||     1
 Stab: Paralysed         ||     1
